 Dungeon Crawl Stone Soup version 0.29-a0-717-g6dac4ea423 (webtiles) character file.

Game seed: 9837899600924269793

42 Sabo the Firebug (level 3, -1/32 HPs)
             Began as an Ogre Fire Elementalist on June 26, 2022.
             Was a Follower of Ru.
             Slain by a goblin
             ... wielding a +0 club
             ... led by Robin
              (3 damage)
             ... on level 2 of the Dungeon.
             The game lasted 00:09:43 (1972 turns).

Sabo the Firebug (Ogre Fire Elementalist)           Turns: 1972, Time: 00:09:44

Health: -1/32      AC:  3    Str: 12    XL:     3   Next: 56%
Magic:  0/7        EV:  9    Int: 18    God:    Ru [*.....]
Gold:   66         SH:  0    Dex:  9    Spells: 6/7 levels left

rFire   . . .      SeeInvis .   (no weapon)
rCold   . . .      Faith    .   (no shield)
rNeg    . . .      Spirit   .   a - +0 robe
rPois   .          Reflect  .   (helmet restricted)
rElec   .          Harm     .   (no cloak)
rCorr   .          Rampage  .   (gloves unavailable)
Will    .....                   (boots unavailable)
Stlth   ++........              (no amulet)
HPRegen 0.10/turn               (no ring)
MPRegen 0.10/turn               (no ring)

@: very slightly contaminated
A: large, unfitting armour, tough skin 1, inability to train dodging
a: Renounce Religion


You were on level 2 of the Dungeon.
You worshipped Ru.
Ru was aware of your devotion.
You visited 1 branch of the dungeon, and saw 2 of its levels.

You collected 66 gold pieces.

Inventory:

Armour
 a - a +0 robe (worn)
Scrolls
 c - 2 scrolls of identify {unknown}
 d - a scroll of vulnerability {unknown}
 g - a scroll of teleportation {unknown}
Potions
 b - a potion of magic
 e - a potion of heal wounds {unknown}
 f - a potion of curing {unknown}


   Skills:
 + Level 0.4 Fighting
 + Level 1.7 Stealth
 + Level 0.2 Unarmed Combat
 + Level 2.9 Spellcasting
 + Level 1.1 Conjurations
 + Level 3.2 Fire Magic


You had 6 spell levels left.
You knew the following spells:

 Your Spells              Type           Power      Damage    Failure   Level
a - Foxfire               Conj/Fire      40%        2x1d6     7%          1

Your spell library contained the following spells:

 Spells                   Type           Power      Damage    Failure   Level
 Scorch                   Fire           28%        2d6       6%          2
 Conjure Flame            Conj/Fire      10%        6-21      21%         3
 Inner Flame              Hex/Fire       8%         N/A       26%         3
 Flame Wave               Conj/Fire      10%        2d5       54%         4


Dungeon Overview and Level Annotations

Branches:
Dungeon (2/15)

Altars:
Ru

Annotations:
D:2 Robin


Innate Abilities, Weirdness & Mutations

You are too large for most types of armour.
You have tough skin. (AC +1)
You cannot train Dodging skill.


Message History

The hobgoblin is moderately wounded.
The foxfire hits the hobgoblin.
The hobgoblin is severely wounded.
Casting: Foxfire (safe; 7% risk of failure)
Confirm with . or Enter, or press ? or * to list all spells.
You conjure some foxfire!
The jackal closely misses you. The jackal bites you.
The foxfire hits the jackal.
You kill the jackal!
The foxfire hits the hobgoblin.
You kill the hobgoblin!
The goblin attacks as you move away! The goblin closely misses you.
The goblin no longer looks unusually strong.
Robin hits you from afar with a +0 spear.
Robin hits you but does no damage.
Casting: Foxfire (safe; 7% risk of failure)
Confirm with . or Enter, or press ? or * to list all spells.
You miscast Foxfire.
You are very lightly contaminated with residual magic.
Nothing appears to happen.
Robin hits you with a +0 spear. The goblin hits you but does no damage.
Robin hits you but does no damage. Robin misses you.
The goblin closely misses you. Robin throws the goblin at you!
The goblin hits you with a +0 club. x2
You closely miss the goblin.
Robin roars a battlecry!
The goblins go into a battle-frenzy!
The goblin hits you but does no damage.
The goblin is stunned by your conviction and fails to attack.
Robin throws the goblin at you! The goblin hits you but does no damage.
The goblin hits you with a +0 club.
You barely miss the goblin.
Robin hits you from afar with a +0 spear.
The goblin closely misses you. The goblin hits you with a +0 club. x2
* * * LOW HITPOINT WARNING * * *
You hit the goblin.
You kill the goblin!
The hobgoblin hits you.
* * * LOW HITPOINT WARNING * * *
The goblin hits you with a +0 club.
You die...

...#... #...##.# .
#.# #.#
#.###.###.#
#...).g...#
##.##.###.# #.##.#
#.#
#.##.###g#########
#.##.)..g@)......#
#.......g#######.#
#......g.# #.#
#.#......#.# #.#
#.....†.##.# #.#
###.##†###.# ##.##
.# ### #....g...#
#...# .. ..#
####.#####
###...##### .# #.#
##+## ##...†.....#


You could see Robin, a hobgoblin (strong) and 2 goblins.

Vanquished Creatures
  An adder (D:2)
  A bat (D:1)
  2 endoplasms
  3 giant cockroaches
  6 goblins
  3 hobgoblins
  4 jackals (D:2)
  3 ball pythons
  A kobold (D:2)
  7 rats (D:1)
31 creatures vanquished.

Vanquished Creatures (others)
  51 foxfires
51 creatures vanquished.

Grand Total: 82 creatures vanquished

Notes
Turn   | Place    | Note
-------+----------+-------------------------------------------
     0 | D:1      | Sabo the Ogre Fire Elementalist began the quest for the
                  | Orb.
     0 | D:1      | Reached XP level 1. HP: 16/16 MP: 3/3
   553 | D:1      | Found a faded altar of an unknown god.
   559 | D:1      | Prayed at the altar of an unknown god.
   559 | D:1      | Became a worshipper of Ru the Awakened
   566 | D:1      | Gained mutation: You cannot train Dodging skill. [Ru
                  | sacrifice]
   566 | D:1      | Reached * piety under Ru
   585 | D:1      | Reached XP level 2. HP: 24/24 MP: 2/5
   708 | D:1      | Reached skill level 3 in Fire Magic
   928 | D:1      | Reached skill level 1 in Conjurations
  1783 | D:2      | Reached XP level 3. HP: 26/31 MP: 4/7
  1941 | D:2      | Noticed Robin
  1972 | D:2      | Slain by a goblin

Illustrated notes

Levels and vault maps discovered:
D:1:      dpeg_arrival_ratfight, layout_basic,
          hellmonk_ecumenical_altar_leap_of_faith
D:2:      layout_loops_corners, kennysheep_decorative_pillar, uniq_robin

Skill      XL: |  1  2 |
---------------+-------+-----
Dodging        | 0 |  0.0
Fire Magic     | 3 |  3.2
Conjurations   | 1 |  1.1
Fighting       | |  0.4
Stealth        | |  1.7
Unarmed Combat | |  0.2
Spellcasting   | |  2.9

Action                   || total
-------------------------++-------
Melee: Unarmed           ||    31
 Cast: Foxfire           ||    35
Invok: Sacrifice Nimblen ||     1
 Stab: Sleeping          ||     1
Armor: Robe              ||    25
Dodge: Dodged            ||    31

Table legend: (Time is in decaauts)
 A = Elapsed time spent in this place.
 B = Non-inter-level travel time spent in this place.
 C = Inter-level travel time spent in this place.
 D = Time resting spent in this place.
 E = Time spent auto-exploring this place.
 F = Levels seen in this place.
 G = Mean time per level.
                   A        B        C        D        E       F      G
               +--------+--------+--------+--------+--------+-----+--------+
         Total |   1971 |   1971 |      0 |    526 |      0 |   2 |  985.5 |
       Dungeon |   1971 |   1971 |      0 |    526 |      0 |   2 |  985.5 |
               +--------+--------+--------+--------+--------+-----+--------+

Top non-repeatable levels by time:
     D:1: 1537 daAuts
     D:2: 434 daAuts
